 Dungeon Sprint DCSS version 0.31-a0-841-g038b102fc3 (webtiles) character file.

Game seed: 13330903335330815956

6 sircluck the Ruffian (level 1, -6/23 HPs)
             Began as a Troll Berserker on Sept 27, 2023.
             Was a Follower of Trog.
             Mangled by a tarantella (13 damage)
             ... in the Dungeon (Sprint VII: "The Pits").
             The game lasted 00:00:10 (31 turns).

sircluck the Ruffian (Troll Berserker)                Turns: 31, Time: 00:00:10

Health: -6/23      AC:  4    Str: 24    XL:     1   Next: 75%
Magic:  0/0        EV: 10    Int:  3    God:    Trog [*.....]
Gold:   0          SH:  0    Dex:  9    Spells: 0/0 levels left

rFire   . .          .
                       - Unarmed
rCold   . . .        (no shield)
rNeg    . . .        a - +0 animal skin
rPois   .            (helmet restricted)
rElec   .            (no cloak)
rCorr   .            (gloves unavailable)
SInv    .            (boots unavailable)
Will    .....        (no amulet)
Stlth   +            (no ring)
HPRegen 1.03/turn    (no ring)
MPRegen 0.07/turn

%: no teleportation
@: confused
A: large, unfitting armour, claws 3, regeneration 1, shaggy fur 1, tough skin 1
a: Renounce Religion, Berserk


You were in the Dungeon.
You worshipped Trog.
Trog was aware of your devotion.
You visited 1 branch

Inventory:

Armour
 a - a +0 animal skin (worn)
Scrolls
 g - a scroll of blinking
Potions
 b - a potion of curing
 c - a potion of heal wounds
 d - a potion of haste
 e - 2 potions of magic
 f - a potion of berserk rage


   Skills:
 + Level 3.0 Fighting
 + Level 3.0 Dodging
 + Level 3.6 Unarmed Combat


You couldn't memorise any spells.
You didn't know any spells.
Your spell library was empty.

Dungeon Overview and Level Annotations

Branches:
Dungeon (1/1)

Altars:


Innate Abilities, Weirdness & Mutations

You are too large for most types of armour.
You have claws for hands.
Your natural rate of healing is unusually fast.
You are covered in fur. (AC +1)
You have tough skin. (AC +1)


Message History

Trog says: Kill them all!
Press ? for a list of commands and other information.
Found a staircase leading out of the dungeon.
You open the door.
There is an open door to the Entrance Hall (Safe) here.
You open the huge gate.
There is a huge open gate to the Metal Vault (Medium) here.
There is a huge open gate to the Metal Vault (Medium) here.
An ufetubus and a ball python simulacrum come into view.
The ufetubus barely misses you. The ufetubus closely misses you. x2
The ufetubus hits you but does no damage.
You claw the ufetubus!
You kill the ufetubus!
Trog accepts your kill.
You scratch the ball python simulacrum.
The ball python simulacrum is severely damaged.
You claw the ball python simulacrum!
The ball python simulacrum vaporises!
Trog accepts your kill.
Your Fighting skill increases to level 3!
Your Dodging skill increases to level 3!
Unknown command.
Unknown command.
A tarantella comes into view.
The tarantella's many legs skitter faintly.
You closely miss the tarantella. The tarantella touches you.
You miss the tarantella. Your claw misses the tarantella.
The tarantella touches you.
You scratch the tarantella.
The tarantella is lightly wounded.
The tarantella touches you!
Ouch! That really hurt!
* * * LOW HITPOINT WARNING * * *
You are confused.
The tarantella barely misses you.
You are too confused!
The tarantella attacks as it pursues you!
The tarantella touches you!
Ouch! That really hurt!
You die...

#......#..#......#
#................+
+................+
#......#..#......#
#................#
####'#####''######
#.......##''#
#.......##..##
#.......##..@##
#...<...###.s.#
#.......#
##........
#.......#
..###+###
#.......# ..##
##########.. #..
##. ##


You could see a tarantella.

Vanquished Creatures
  An ufetubus (D)
  A ball python simulacrum (D)
2 creatures vanquished.

Notes
Turn   | Place    | Note
-------+----------+-------------------------------------------
     0 | D        | sircluck the Troll Berserker began the quest for the Orb.
     0 | D        | Reached XP level 1. HP: 22/22 MP: 0/0
    27 | D        | Noticed a tarantella
    31 | D        | Mangled by a tarantella

Illustrated notes

Levels and vault maps discovered:
D:        pitsprint [storerooms_1, entrance_room_1, metal_vault_5, armoury_2,
          mini_pit_1, grid_room_1, main_hall_1, silver_pit, the_coven_3,
          the_vestibule_1, steel_vault_1, golden_pit, hallway_of_sentries,
          crystal_vault_3, iron_vault_5, final_vault]

Skill      XL: |  1 |
---------------+----+-----
Fighting       | 3 |  3.0
Dodging        | 3 |  3.0
Unarmed Combat | |  3.6

Action                     || total
---------------------------++-------
  Melee: Unarmed           ||     6
 Armour: Animal skin       ||     5
  Dodge: Dodged            ||     4

Table legend: (Time is in decaauts)
 A = Elapsed time spent in this place.
 B = Non-inter-level travel time spent in this place.
 C = Inter-level travel time spent in this place.
 D = Time resting spent in this place.
 E = Time spent auto-exploring this place.
 F = Levels seen in this place.
 G = Mean time per level.
                   A        B        C        D        E       F      G
               +--------+--------+--------+--------+--------+-----+--------+
         Total |     30 |     30 |      0 |      0 |     16 |   1 |   30.0 |
       Dungeon |     30 |     30 |      0 |      0 |     16 |   1 |   30.0 |
               +--------+--------+--------+--------+--------+-----+--------+

Top non-repeatable levels by time:
       D: 30 daAuts
